 Dungeon Crawl Stone Soup version 0.16-a0-3354-g045d5c7 (webtiles) character file.

2492 Kemay the Nimble (level 9, -11/56 HPs)
             Began as an Octopode Monk on Dec 29, 2014.
             Was a Believer of Sif Muna.
             Killed from afar by a big kobold (23 damage)
             ... with a wand of lightning
             ... on level 7 of the Dungeon.
             The game lasted 00:32:06 (8140 turns).

Kemay the Nimble (Octopode Monk)                    Turns: 8140, Time: 00:32:07

Health: -11/56     AC:  2    Str: 12    XL:     9   Next: 52%
Magic:  0/12       EV: 18    Int: 17    God:    Sif Muna [**....]
Gold:   357        SH:  0    Dex: 15    Spells: 1 memorised, 9 levels left

rFire  . . .     SeeInvis .       - Unarmed
rCold  + . .     Clarity  .     (no shield)
rNeg   . . .     SustAb   .     (helmet restricted)
rPois  .         Gourm    .     i - amulet of guardian spirit (curse)
rElec  .         Spirit   +     (no ring)
rCorr  .         Warding  .     (no ring)
rMut   .         Stasis   .     (no ring)
MR     .....                    (no ring)
Stlth  ++++......               (no ring)
                                (no ring)
                                (no ring)
                                (no ring)

@: short of breath, not resistant to hostile enchantments, stealthy
A: almost no armour, amphibious, 8 rings, constrict 8, molten scales 1,
camouflage 1, clever 1, cold resistance 1, low mp 1, spit poison 1, strong 1,
gelatinous body 1
a: Spit Poison, Channel Energy, Forget Spell, Renounce Religion


You were on level 7 of the Dungeon.
You worshipped Sif Muna.
Sif Muna was pleased with you.
You were not hungry.

You visited 2 branches of the dungeon, and saw 8 of its levels.
You also visited: Ossuary.

You collected 357 gold pieces.

Inventory:

Hand weapons
 t - a +1 battleaxe of flaming
Missiles
 a - 6 needles of sleeping
 f - 31 poisoned needles
 g - 7 javelins (quivered)
Armour
 m - a +0 shield
Magical staves
 u - a cursed staff of power
Jewellery
 i - a cursed amulet of guardian spirit (around mantle)
 j - an uncursed amulet of faith
 n - a cursed amulet of resist mutation
 o - an uncursed amulet of rage
Scrolls
 q - 5 scrolls of remove curse
 x - 2 scrolls of teleportation
 A - a scroll of amnesia
Potions
 c - 2 potions of restore abilities
 d - 3 potions of brilliance
 e - a potion of flight
 h - 5 potions of curing
 k - a potion of haste
 s - 5 potions of heal wounds
 v - 2 potions of cure mutation {unknown}
 w - a potion of resistance {unknown}
 z - a potion of degeneration {unknown}
 B - a potion of agility
 C - a potion of magic {unknown}
 D - a potion of invisibility {unknown}
Books
 r - a book of Conjurations

   Spells                             Type                      Level
   a - Magic Dart                     Conjuration                  1
   b - Searing Ray                    Conjuration                  2
   c - Dazzling Spray                 Conjuration/Hexes            3
   d - Fulminant Prism                Conjuration/Hexes            4
   e - Iskenderun's Mystic Blast      Conjuration                  4
   f - Iskenderun's Battlesphere      Conjuration/Charms           5
Comestibles
 b - 3 bread rations
 l - 4 meat rations
 p - 2 beef jerkies


   Skills:
 - Level 3.0 Fighting
 * Level 9.2 Dodging
 - Level 3.1 Stealth
 + Level 1.5 Shields
 * Level 9.2 Unarmed Combat
 - Level 2.0 Spellcasting
 - Level 2.0 Evocations


You had 9 spell levels left.
You knew the following spells:

 Your Spells              Type           Power        Failure   Level  Hunger
a - Dazzling Spray        Conj/Hex       #.......     61%         3    ###....


Dungeon Overview and Level Annotations

Branches:
Dungeon (7/15)             Temple (1/1) D:6

Altars:
Ashenzari
Cheibriados
Elyvilon
Fedhas
Gozag
Kikubaaqudgha
Makhleb
Nemelex Xobeh
Okawaru
Qazlal
Ru
Sif Muna
Trog
Vehumet
Xom
Yredelemnul
Zin
The Shining One


Innate Abilities, Weirdness & Mutations

You cannot wear most types of armour.
You are amphibious.
You can wear up to eight rings at the same time.
You can use your tentacles to constrict many enemies at once.
Your skin changes colour to match your surroundings (Stealth).
Your rubbery body absorbs attacks (AC +1).
You are partially covered in molten scales (AC +1).
Your mind is acute. (Int +2)
Your flesh is cold resistant.
Your magical capacity is low (-10% MP).
You can spit poison.
Your muscles are strong. (Str +2)


Message History

The kobold is almost dead.
You constrict the kobold, but do no damage.
The kobold barely misses you.
You tentacle-slap the kobold.
You kill the kobold!
The big kobold zaps a wand.
The bolt of lightning hits you! The bolt of lightning misses you.
It is a wand of lightning.
Use which ability? (? or * to list)
Press: ? - help, Shift-Dir - straight line, f - big kobold
Aim: a big kobold, wielding a great sword and carrying a wand of lightning {zapped: 1} The splash of poison misses the big kobold.
You feel slightly more hungry. The kobold hits you with a short sword.
The big kobold zaps a wand.
The bolt of lightning misses you.
You tentacle-slap the kobold.
You kill the kobold!
The big kobold zaps a wand.
The bolt of lightning misses you.
The big kobold zaps a wand.
The bolt of lightning hits you!
* * * LOW HITPOINT WARNING * * *
The bolt of lightning hits you!
You die...

.. #. ##.# #... #
#...##### .#
#..)#...##.#
#.##.##.###...# .
#....K..K.#.#.#### .
####.##@#.#.# ..... .
# ##....# #.#.# #
##.#.####.# .# #.
#.....##.# .#.#
#.###.##.# #.## #.#
#..#.####.##
#.####.###...........
#........†...........
#####################


You could see a big kobold and a kobold.

Vanquished Creatures
  A wraith (Ossuary)
  Menkaure (D:7)
  2 ice beasts
  3 ogres
  2 centaurs
  Duvessa (D:4)
  A wyvern skeleton (D:6)
  7 killer bees (D:7)
  2 scorpions
  Dowan (D:4)
  5 crimson imps
  2 goliath beetles (D:7)
  2 iguanas
  A hound (D:7)
  4 worker ants
  Natasha (thrice) (D:3)
  2 mummies
  Robin (D:3)
  9 adders
  4 gnolls (D:5)
  2 giant mites
  2 shadow imps
  2 worms (D:3)
  3 adder skeletons
  2 giant geckos
  8 orcs
  15 bats
  3 giant cockroaches
  12 hobgoblins
  15 kobolds
  A quokka (D:3)
  A ball python (D:4)
  A ball python skeleton (D:4)
  A giant cockroach zombie (D:5)
  7 giant newts
  7 gnoll skeletons (Ossuary)
  20 goblins
  8 jackals
  A jackal skeleton (D:4)
  9 kobold skeletons (Ossuary)
  9 orc skeletons (Ossuary)
  14 rats
  4 plants (D:6)
201 creatures vanquished.

Vanquished Creatures (collateral kills)
  The ghost of Herrn the Skirmisher, an experienced DsFi of Okawaru (D:6)
  A vampire mosquito (D:3)
  An ice beast (D:5)
  Blork the orc (D:4)
  2 orcs (D:3)
  A bat (D:3)
  A rat (D:6)
8 creatures vanquished.

Grand Total: 209 creatures vanquished

Notes
Turn   | Place    | Note
--------------------------------------------------------------
     0 | D:1      | Kemay, the Octopode Monk, began the quest for the Orb.
     0 | D:1      | Reached XP level 1. HP: 16/16 MP: 1/1
    74 | D:1      | Reached XP level 2. HP: 17/21 MP: 2/2
   557 | D:2      | Reached XP level 3. HP: 17/26 MP: 0/3
  1058 | D:2      | Reached XP level 4. HP: 25/31 MP: 4/4
  1495 | D:3      | Found a sparkling altar of Nemelex Xobeh.
  1520 | D:3      | Noticed Natasha
  1527 | D:3      | Killed Natasha
  1527 | D:3      | Reached XP level 5. HP: 10/36 MP: 0/5
  1538 | D:3      | Noticed Natasha
  1546 | D:3      | Killed Natasha
  1605 | D:3      | Noticed Natasha
  1606 | D:3      | Killed Natasha
  1855 | D:3      | Reached skill level 5 in Dodging
  2012 | D:3      | Noticed a vampire mosquito
  2019 | D:3      | Killed a vampire mosquito
  2175 | D:3      | Gained mutation: You can spit poison. [potion of mutation]
  2175 | D:3      | Gained mutation: Your mind is acute. (Int +2) [potion of mutation]
  2175 | D:3      | Gained mutation: You are partially covered in molten scales (AC +1). [potion of mutation]
  2323 | D:3      | Found a stormy altar of Qazlal.
  2331 | D:3      | Found an opulent altar of Gozag.
  2395 | D:3      | Noticed Robin
  2441 | D:3      | Reached skill level 5 in Unarmed Combat
  2529 | D:3      | Killed Robin
  2684 | D:3      | Reached XP level 6. HP: 33/42 MP: 3/6
  3015 | D:4      | Noticed Duvessa
  3015 | D:4      | Noticed Dowan
  3042 | D:4      | Killed Duvessa
  3043 | D:4      | Killed Dowan
  3043 | D:4      | Reached skill level 6 in Dodging
  3194 | D:4      | Found a radiant altar of Vehumet.
  3669 | D:4      | Noticed Blork the orc
  3682 | D:4      | Killed Blork the orc
  3682 | D:4      | Reached XP level 7. HP: 19/46 MP: 3/7
  3717 | D:4      | Gained mutation: Your magical capacity is low (-10% MP). [potion of mutation]
  3717 | D:4      | Gained mutation: Your flesh is cold resistant. [potion of mutation]
  3954 | D:4      | Found a deep blue altar of Sif Muna.
  4297 | D:5      | Entered Level 5 of the Dungeon
  4304 | D:5      | Learned a level 3 spell: Dazzling Spray
  4352 | D:4      | Became a worshipper of Sif Muna the Loreminder
  4352 | D:4      | Acquired Sif Muna's first power
  4352 | D:4      | Acquired Sif Muna's second power
  4396 | D:5      | Gained mutation: Your muscles are strong. (Str +2) [potion of beneficial mutation]
  5040 | D:5      | Reached skill level 7 in Dodging
  5178 | D:5      | Reached XP level 8. HP: 52/52 MP: 7/7
  5564 | D:6      | Found a staircase to the Ecumenical Temple.
  5633 | Temple   | Entered the Ecumenical Temple
  5778 | D:6      | Noticed Herrn's ghost (experienced DsFi)
  5784 | D:6      | Killed Herrn's ghost
  5784 | D:6      | Reached skill level 1 in Evocations
  6164 | D:6      | Reached skill level 8 in Dodging
  6569 | D:6      | Reached skill level 1 in Spellcasting
  6629 | D:7      | Found a sand-covered staircase.
  6637 | Ossuary  | Entered an ossuary
  7037 | Ossuary  | Reached XP level 9. HP: 50/56 MP: 11/11
  7211 | D:7      | Found a shattered altar of Ashenzari.
  7725 | D:7      | Reached skill level 9 in Dodging
  7725 | D:7      | Reached skill level 1 in Shields
  7995 | D:7      | Noticed Menkaure
  8012 | D:7      | Killed Menkaure
  8140 | D:7      | Killed from afar by a big kobold

Action                   |  1- 3 |  4- 6 |  7- 9 || total
-------------------------+-------+-------+-------++-------
Melee: Unarmed           |    65 |   161 |   240 ||   466
       Battleaxe         |       |       |    14 ||    14
Throw: Javelin           |       |       |    40 ||    40
 Abil: Spit Poison       |       |       |    25 ||    25
Evoke: Deck              |       |     4 |     9 ||    13
       Wand              |       |       |     2 ||     2
  Use: Scroll            |     3 |     4 |     4 ||    11
       Potion            |     4 |     6 |     4 ||    14
 Stab: Sleeping          |    16 |    12 |     7 ||    35
       Distracted        |     1 |       |     2 ||     3
  Eat: Chunk             |       |     9 |     4 ||    13
       Bread ration      |       |       |     2 ||     2
       Pizza             |       |       |     2 ||     2
